 Dungeon Sprint DCSS version 0.31-a0-876-gfe8ebadbca (webtiles) character file.

Game seed: 2507916906067845853

174 sircluck the Ruffian (level 5, -2/53 HPs)
             Began as a Troll Berserker on Oct 13, 2023.
             Was a Priest of Trog.
             Slain by a deep elf pyromancer
             ... wielding a +0 long sword of holy wrath
              (7 damage)
             ... in the Dungeon (Sprint III: "The Ten Rune Challenge").
             The game lasted 00:00:48 (358 turns).

sircluck the Ruffian (Troll Berserker)               Turns: 358, Time: 00:00:48

Health: -2/53      AC:  4    Str: 27    XL:     5   Next: 28%
Magic:  4/4        EV: 11    Int:  3    God:    Trog [***...]
Gold:   16         SH:  0    Dex:  9    Spells: 4/4 levels left

rFire   . .          .
                       - Unarmed
rCold   . . .        (no shield)
rNeg    . . .        a - +0 animal skin
rPois   .            (helmet restricted)
rElec   .            (no cloak)
rCorr   .            (gloves unavailable)
SInv    .            (boots unavailable)
Will    +....        (no amulet)
Stlth   +            (no ring)
HPRegen 1.08/turn    (no ring)
MPRegen 0.09/turn

%: no teleportation
@: no status effects
A: large, unfitting armour, claws 3, regeneration 1, shaggy fur 1, tough skin 1,
frail 1, strong-willed 1, evolution 1
a: Renounce Religion, Berserk, Trog's Hand


You were in the Dungeon.
You worshipped Trog.
Trog was most pleased with you.
You visited 1 branch You collected 16 gold pieces.

Inventory:

Armour
 a - a +0 animal skin (worn)
Scrolls
 g - a scroll of blinking
 i - a scroll of torment {unknown}
 j - 3 scrolls of identify
 l - a scroll of immolation {unknown}
Potions
 b - a potion of curing
 c - a potion of heal wounds
 d - a potion of haste
 e - 2 potions of magic
 f - a potion of berserk rage
 k - 3 potions of enlightenment


   Skills:
 + Level 5.8 Fighting
 + Level 5.7 Dodging
 + Level 6.9 Unarmed Combat


You had 4 spell levels left.
You didn't know any spells.
Your spell library was empty.

Dungeon Overview and Level Annotations

Branches:
Dungeon (1/1)

Altars:
Elyvilon
Kikubaaqudgha
Sif Muna
Vehumet
Zin
The Shining One


Innate Abilities, Weirdness & Mutations

You are too large for most types of armour.
You have claws for hands.
Your natural rate of healing is unusually fast.
You are covered in fur. (AC +1)
You have tough skin. (AC +1)
You are frail. (-10% HP)
You are strong-willed. (Will+)
You have hidden genetic potential.


Message History

No target in view!
No target in view!
No target in view!
No target in view!
You feel a genetic drift.
You feel strong-willed.
You open the door.
Found three altars.
No target in view!
No target in view!
No target in view!
No target in view!
No target in view!
A deep elf pyromancer comes into view.
It is wielding a +0 long sword of holy wrath.
Found 2 potions of curing.
The deep elf pyromancer shouts!
The deep elf pyromancer points at you and mumbles some strange words.
The bolt of fire hits you!!
There is an open door here.
The deep elf pyromancer hits you with a +0 long sword of holy wrath.
You closely miss the deep elf pyromancer.
The deep elf pyromancer barely misses you.
You claw the deep elf pyromancer!
The deep elf pyromancer is heavily wounded.
You closely miss the deep elf pyromancer.
The deep elf pyromancer is heavily wounded.
The deep elf pyromancer hits you with a +0 long sword of holy wrath.
You closely miss the deep elf pyromancer.
The deep elf pyromancer is heavily wounded.
The deep elf pyromancer barely misses you.
You completely miss the deep elf pyromancer.
The deep elf pyromancer is heavily wounded.
The deep elf pyromancer casts a spell at you.
The bolt of fire hits you!!
* * * LOW HITPOINT WARNING * * *
You scratch the deep elf pyromancer.
Your claw misses the deep elf pyromancer.
The deep elf pyromancer is heavily wounded.
The deep elf pyromancer hits you with a +0 long sword of holy wrath!
You die...

▓▓▓▓▓ ▓▓▓ #[..####
##.#####
#......#####..#___#
#....†..#..#..#e@.#
##.##...#..#..###'#+###+#
##.###..##'#..#..........
###.##..###...'.⌠........
#..##..####...#...######+
†..##..###....#.⌠.#
..##...##.....#...#
.##....#......#'###
###..##.#.....#.):#


You could see a deep elf pyromancer.

Vanquished Creatures
  A scorpion (D)
  A water elemental (D)
  A wizard (D)
  A human (D)
  A kobold demonologist (D)
  An endoplasm (D)
  3 rats (D)
9 creatures vanquished.

Notes
Turn   | Place    | Note
-------+----------+-------------------------------------------
     0 | D        | sircluck the Troll Berserker began the quest for the Orb.
     0 | D        | Reached XP level 1. HP: 22/22 MP: 0/0
    28 | D        | Reached ** piety under Trog
    54 | D        | Reached skill level 4 in Unarmed Combat
    54 | D        | Reached XP level 2. HP: 28/31 MP: 1/1
    65 | D        | Noticed a scorpion
    67 | D        | Killed a scorpion
    68 | D        | Reached skill level 5 in Unarmed Combat
    68 | D        | Reached XP level 3. HP: 40/40 MP: 2/2
    68 | D        | Reached XP level 4. HP: 49/49 MP: 3/3
    84 | D        | Gained mutation: You are partially covered in iridescent
                  | scales. (AC +2) [potion of mutation]
    84 | D        | Gained mutation: You are clumsy. (Dex -2) [potion of
                  | mutation]
    84 | D        | Gained mutation: Your flesh is cold resistant. (rC+)
                  | [potion of mutation]
    85 | D        | Lost mutation: You are clumsy. (Dex -2) [potion of
                  | mutation]
    85 | D        | Lost mutation: Your flesh is cold resistant. (rC+) [potion
                  | of mutation]
    85 | D        | Gained mutation: You are mostly covered in iridescent
                  | scales. (AC +4) [potion of mutation]
    85 | D        | Gained mutation: You occasionally shout uncontrollably at
                  | your foes. [potion of mutation]
    86 | D        | Lost mutation: You are mostly covered in iridescent scales.
                  | (AC +4) [potion of mutation]
    86 | D        | Lost mutation: You are partially covered in iridescent
                  | scales. (AC +2) [potion of mutation]
    86 | D        | Lost mutation: You occasionally shout uncontrollably at
                  | your foes. [potion of mutation]
    86 | D        | Gained mutation: You are agile. (Dex +4, Str/Int -1)
                  | [potion of mutation]
    86 | D        | Gained mutation: You possess an exceptional clarity of
                  | mind. [potion of mutation]
    87 | D        | Lost mutation: You are agile. (Dex +4, Str/Int -1) [potion
                  | of mutation]
    87 | D        | Lost mutation: You possess an exceptional clarity of mind.
                  | [potion of mutation]
    87 | D        | Gained mutation: You are somewhat resistant to further
                  | mutation. [potion of mutation]
    88 | D        | Lost mutation: You are somewhat resistant to further
                  | mutation. [potion of mutation]
    88 | D        | Gained mutation: You have hidden genetic potential. [potion
                  | of mutation]
    88 | D        | Gained mutation: You are frail. (-10% HP) [potion of
                  | mutation]
   194 | D        | Noticed a water elemental
   196 | D        | Killed a water elemental
   196 | D        | Reached *** piety under Trog
   197 | D        | Reached skill level 5 in Fighting
   197 | D        | Reached skill level 5 in Dodging
   197 | D        | Reached skill level 6 in Unarmed Combat
   339 | D        | Found a radiant altar of Vehumet.
   339 | D        | Found a shimmering blue altar of Sif Muna.
   339 | D        | Found an ancient bone altar of Kikubaaqudgha.
   339 | D        | Noticed a wizard
   341 | D        | Killed a wizard
   342 | D        | Reached XP level 5. HP: 52/52 MP: 4/4
   345 | D        | Gained mutation: You are strong-willed. (Will+) [hidden
                  | potential]
   350 | D        | Found a glowing silver altar of Zin.
   350 | D        | Found a glowing golden altar of the Shining One.
   350 | D        | Found a white marble altar of Elyvilon.
   351 | D        | Noticed a deep elf pyromancer
   358 | D        | Slain by a deep elf pyromancer

Illustrated notes

Levels and vault maps discovered:
D:        dungeon_sprint_mu [sprint_mu_entry_cave, sprint_mu_temple_rooms,
          sprint_mu_d1_spiders, sprint_mu_d2_genie, sprint_mu_d3_branching,
          sprint_mu_orc_legion, sprint_mu_elf_gauntlet, sprint_mu_hive_nellie,
          sprint_mu_lair_fedhas, sprint_mu_vaults_butterflies,
          sprint_mu_slime_circle, sprint_mu_swamp_cave, sprint_mu_snake_twists,
          sprint_mu_blade_basic, sprint_mu_crypt_lich, sprint_mu_tomb_spiral,
          sprint_mu_vestibule_basic, sprint_mu_gehenna_hellfire,
          sprint_mu_dis_giant, sprint_mu_tartarus_statrot,
          sprint_mu_cocytus_islands, sprint_mu_zot1]

Skill      XL: |  1  2  3  4 |
---------------+-------------+-----
Fighting       | 3 4 5 |  5.8
Dodging        | 3 4 5 |  5.7
Unarmed Combat | 4 5 6 |  6.9

Action                     |  1- 3 |  4- 6 || total
---------------------------+-------+-------++-------
  Melee: Unarmed           |    11 |    11 ||    22
 Invoke: Berserk           |       |     1 ||     1
    Use: Potion            |       |     5 ||     5
   Stab: Sleeping          |     1 |     1 ||     2
 Armour: Animal skin       |     3 |     5 ||     8
  Dodge: Dodged            |     3 |     4 ||     7

Table legend: (Time is in decaauts)
 A = Elapsed time spent in this place.
 B = Non-inter-level travel time spent in this place.
 C = Inter-level travel time spent in this place.
 D = Time resting spent in this place.
 E = Time spent auto-exploring this place.
 F = Levels seen in this place.
 G = Mean time per level.
                   A        B        C        D        E       F      G
               +--------+--------+--------+--------+--------+-----+--------+
         Total |    366 |    366 |      0 |    248 |     43 |   1 |  366.0 |
       Dungeon |    366 |    366 |      0 |    248 |     43 |   1 |  366.0 |
               +--------+--------+--------+--------+--------+-----+--------+

Top non-repeatable levels by time:
       D: 366 daAuts
